AoeStats
← GirthSoWide

Nomad

504336408Analyzed
2v2 RM · 28d ago on Sep 4, 2026· 43m 14s· 4 players
Game mode
Random Map
Map size
176×176
Population
200
Speed
Normal
Resources
Standard
Victory
Conquest
Starting age
Dark Age
Ending age
Imperial Age
RankedLock teamsTeams togetherTeam positionsShared explorationLock speedFull tech treeHidden civsTurbo modeCheats
Victory
Defeat
🇦🇷 Dravidians · Argentina
760
+17
🇺🇸 Franks · United States
723
+19
🇺🇸 Franks · United States
798
-18
🇺🇸 Japanese · United States
779
-18
zaepjc22
16:20 Feudal Age
21:55 Castle Age
20:27 Double-Bit Axe
24:08 Wheelbarrow
24:20 Bow Saw
27:22 Gold Mining
28:29 Fletching
28:40 Scale Mail Armor
30:30 Scale Barding Armor
30:36 Forging
31:28 Bodkin Arrow
33:40 Husbandry
34:45 Chain Barding Armor
35:01 Iron Casting
36:20 Chain Mail Armor
37:05 Hand Cart
36:36 Loom
37:16 Padded Archer Armor
39:21 Leather Archer Armor
42:33 Imperial Age
42:12 Ballistics
42:04 Masonry
41:52 Murder Holes
44:05 Hoardings
Axl Rose
3:29 Loom
14:42 Feudal Age
17:12 Double-Bit Axe
18:50 Fishing Lines
19:23 Man-at-Arms
19:50 Arson
22:50 Castle Age
21:20 Forging
21:10 Scale Mail Armor
23:28 Gillnets
24:25 Wheelbarrow
24:09 Pikeman
24:49 Squires
24:35 Gambesons
24:10 Long Swordsman
24:48 Town Watch
26:03 Hand Cart
26:51 Bow Saw
27:17 Gold Mining
31:45 Horse Collar
34:46 Imperial Age
35:00 Careening
38:02 Two-Man Saw
37:43 Iron Casting
37:23 Chain Mail Armor
36:32 Two-Handed Swordsman
36:33 Halberdier
38:24 Heavy Plow
39:02 Conscription
38:50 Medical Corps
39:02 Champion
41:06 Blast Furnace
41:19 Siege Elephant
42:58 Town Patrol
GirthSoWide
5:47 Loom
15:18 Feudal Age
16:59 Wheelbarrow
16:27 Double-Bit Axe
16:55 Fishing Lines
18:24 Horse Collar
18:38 Gold Mining
19:08 Man-at-Arms
23:22 Castle Age
23:58 Forging
23:49 Scale Mail Armor
24:30 Hand Cart
25:36 Gillnets
27:36 Bow Saw
26:55 Long Swordsman
27:26 Gambesons
27:43 Squires
27:45 Arson
33:47 Gambesons
37:24 Pikeman
38:39 Guard Tower
38:47 Murder Holes
43:09 Imperial Age
YoSoyMeistro
3:41 Loom
17:35 Feudal Age
19:01 Wheelbarrow
18:14 Double-Bit Axe
18:24 Gold Mining
19:17 Stone Mining
19:30 Fishing Lines
21:25 Forging
23:20 Scale Barding Armor
27:24 Castle Age
26:41 Scale Mail Armor
29:51 Bow Saw
35:13 Gold Shaft Mining
35:37 Husbandry
37:10 Iron Casting
37:09 Ballistics
38:11 Chain Barding Armor
42:11 Imperial Age
41:31 Hand Cart
42:14 Cavalier
Connection lost

Rejoining the realm…

Still unreachable

The connection could not be restored.

Session expired

The server has moved on; the page needs a fresh start.